 Dungeon Sprint DCSS version 0.17-a0-1646-geb1493d (webtiles) character file.

261 Kidiri the Covert (level 5, -18/24 HPs)
             Began as a Spriggan Enchanter on Aug 10, 2015.
             Was a Follower of Dithmenos.
             Demolished by a wandering mushroom (19 damage)
             ... in the Dungeon (Sprint IV: "Fedhas' Mad Dash").
             The game lasted 00:07:48 (818 turns).

Kidiri the Covert (Spriggan Enchanter)               Turns: 818, Time: 00:07:48

Health: -18/24     AC:  3    Str:  4    XL:     5   Next: 96%
Magic:  8/15       EV: 24    Int: 17    God:    Dithmenos [*.....]
Gold:   124        SH:  0    Dex: 17    Spells: 5 memorised, 5 levels left

rFire  . . .     SeeInvis +     a - +1 dagger
rCold  . . .     Clarity  .     b - +1 robe
rNeg   . . .     SustAt   .     (shield restricted)
rPois  .         Gourm    .     (helmet restricted)
rElec  .         Spirit   .     (no cloak)
rCorr  .         Warding  .     (gloves unavailable)
rMut   .         NoTele   +     (boots unavailable)
MR     .....                    (no amulet)
Stlth  ++........               (no ring)
                                e - ring of invisibility

@: confused, very slightly contaminated, wreathed by umbra, very quick, not
resistant to hostile enchantments, unstealthy
A: unfitting armour, see invisible, herbivore 3, speed 3, slow metabolism 2
a: Renounce Religion, Evoke Invisibility


You were in the Dungeon.
You worshipped Dithmenos.
Dithmenos was aware of your devotion.
You were full.

You visited 1 branch You collected 124 gold pieces.

Inventory:

Hand weapons
 a - a +1 dagger (weapon)
 k - a +0 rapier
Armour
 b - a +1 robe (worn)
Jewellery
 e - a ring of invisibility (left hand)
Scrolls
 i - a scroll of fog {unknown}
 j - a scroll of blinking
Potions
 f - a potion of heal wounds
 g - a potion of haste
 h - 2 potions of magic
Books
 c - a book of Maledictions

   Spells                             Type                      Level
   a - Corona                         Hexes                        1
   b - Ensorcelled Hibernation        Hexes/Ice                    2
   c - Confuse                        Hexes                        3
   d - Tukima's Dance                 Hexes                        3
   e - Dazzling Spray                 Conjuration/Hexes            3


   Skills:
 + Level 4.2 Short Blades
 * Level 8.2 Dodging
 * Level 9.6 Stealth
 * Level 6.8 Spellcasting
 + Level 1.5 Conjurations
 + Level 5.8 Hexes
 + Level 2.6 Ice Magic
 + Level 2.4 Invocations
 + Level 3.6 Evocations


You had 5 spell levels left.
You knew the following spells:

 Your Spells              Type           Power        Failure   Level  Hunger
a - Corona                Hex            ####...      1%          1    None
b - Ensorcelled Hibernat  Hex/Ice        ###...       3%          2    None
c - Confuse               Hex            ####....     3%          3    ##.....
d - Tukima's Dance        Hex            ####....     3%          3    ##.....
e - Dazzling Spray        Conj/Hex       ###.....     10%         3    ##.....


Dungeon Overview and Level Annotations

Branches:
Dungeon (1/1)

Altars:
Cheibriados
Dithmenos
Elyvilon
Gozag
Kikubaaqudgha
Makhleb
Nemelex Xobeh
Okawaru
Qazlal
Ru
Sif Muna
Trog
Vehumet
Xom
Yredelemnul
Zin
The Shining One
Beogh
Jiyva
Lugonu

Shops:
D ([


Innate Abilities, Weirdness & Mutations

You are tiny and cannot use many weapons and most armour.
You have supernaturally acute eyesight.
You are a herbivore.
You cover ground extremely quickly.
You need consume almost no food.


Message History

You barely miss the wandering mushroom.
The wandering mushroom is lightly damaged.
The wandering mushroom barely misses you.
You hit the wandering mushroom but do no damage.
The wandering mushroom is lightly damaged.
The wandering mushroom releases spores at you!
Ouch! That really hurt!
* * * LOW HITPOINT WARNING * * *
You are engulfed in a cloud of spores!
You are more confused.
The wandering mushroom completely misses you.
You hit the wandering mushroom but do no damage.
The wandering mushroom is lightly damaged.
The wandering mushroom closely misses you.
The wandering mushroom misses you.
You barely miss the wandering mushroom.
The wandering mushroom is lightly damaged.
The wandering mushroom releases spores at you!!
Ouch! That really hurt!
You die...

#####################
......⌠.#.['.)[#....#
_._._._.'..#...#.s.P+
._._._._#..###'##f!(#
_._._._.#..##∩∩.@f..#
._....⌠.#############
#########


You could see 2 wandering mushrooms, a burning bush and a scorpion.

Vanquished Creatures
  A scorpion (D)
  4 oklob saplings (D)
  A worker ant (D)
  2 spriggans (D)
  A river rat (D)
  A rat (D)
10 creatures vanquished.

Notes
Turn   | Place    | Note
--------------------------------------------------------------
     0 | D        | Kidiri the Spriggan Enchanter began the quest for the Orb.
     0 | D        | Reached XP level 1. HP: 9/9 MP: 5/5
    25 | D        | Reached skill level 5 in Stealth
    25 | D        | Reached XP level 2. HP: 11/13 MP: 4/7
   138 | D        | Learned a level 2 spell: Ensorcelled Hibernation
   145 | D        | Noticed an oklob sapling
   146 | D        | Killed an oklob sapling
   146 | D        | Reached skill level 5 in Dodging
   146 | D        | Reached skill level 6 in Stealth
   146 | D        | Reached skill level 1 in Ice Magic
   146 | D        | Reached XP level 3. HP: 16/16 MP: 7/9
   151 | D        | Learned a level 3 spell: Confuse
   155 | D        | Learned a level 3 spell: Tukima's Dance
   165 | D        | Noticed a worker ant
   167 | D        | Killed a worker ant
   167 | D        | Reached skill level 7 in Stealth
   194 | D        | Found a snail-covered altar of Cheibriados.
   194 | D        | Found a glowing silver altar of Zin.
   194 | D        | Found a white marble altar of Elyvilon.
   194 | D        | Found a viscous altar of Jiyva.
   194 | D        | Found a radiant altar of Vehumet.
   194 | D        | Found a deep blue altar of Sif Muna.
   194 | D        | Found an ancient bone altar of Kikubaaqudgha.
   194 | D        | Found a bloodstained altar of Trog.
   194 | D        | Found a corrupted altar of Lugonu.
   194 | D        | Noticed an oklob sapling priest
   195 | D        | Found a burning altar of Makhleb.
   195 | D        | Found a sacrificial altar of Ru.
   196 | D        | Found a glowing golden altar of the Shining One.
   196 | D        | Found a sparkling altar of Nemelex Xobeh.
   197 | D        | Found a shadowy altar of Dithmenos.
   198 | D        | Found an iron altar of Okawaru.
   198 | D        | Found a shimmering altar of Xom.
   199 | D        | Found an opulent altar of Gozag.
   200 | D        | Found a roughly hewn altar of Beogh.
   200 | D        | Found a basalt altar of Yredelemnul.
   202 | D        | Found a stormy altar of Qazlal.
   212 | D        | Became a worshipper of Dithmenos the Shadowed
   217 | D        | Killed an oklob sapling priest
   217 | D        | Reached skill level 8 in Stealth
   217 | D        | Reached skill level 5 in Spellcasting
   217 | D        | Reached skill level 5 in Hexes
   217 | D        | Reached skill level 1 in Invocations
   217 | D        | Reached skill level 1 in Evocations
   217 | D        | Reached XP level 4. HP: 21/21 MP: 5/12
   231 | D        | Learned a level 3 spell: Dazzling Spray
   304 | D        | Noticed an oklob sapling wizard
   307 | D        | Killed an oklob sapling wizard
   307 | D        | Reached XP level 5. HP: 24/24 MP: 11/14
   315 | D        | Noticed a scorpion
   318 | D        | Killed a scorpion
   318 | D        | Reached skill level 9 in Stealth
   318 | D        | Reached skill level 1 in Conjurations
   340 | D        | Found Doezxus's Armour Shop.
   340 | D        | Found Inukhlik's Weapon Emporium.
   350 | D        | Noticed a burning bush
   350 | D        | Noticed a wandering mushroom
   351 | D        | Noticed a scorpion
   351 | D        | Noticed a wandering mushroom
   546 | D        | Noticed an oklob sapling
   561 | D        | Killed an oklob sapling
   816 | D        | HP: 1/24 [wandering mushroom (16)]
   818 | D        | Demolished by a wandering mushroom

Vault maps used:
D:        dungeon_sprint_fedhas

Action                   |  1- 3 |  4- 6 || total
-------------------------+-------+-------++-------
Melee: Dagger            |    21 |    26 ||    47
 Cast: Corona            |     2 |       ||     2
       Confuse           |     1 |     3 ||     4
       Ensorcelled Hiber |     1 |       ||     1
       Dazzling Spray    |       |     5 ||     5
 Abil: Evoke Invisibilit |     1 |     4 ||     5
  Use: Potion            |     2 |       ||     2
 Stab: Sleeping          |     2 |     4 ||     6
       Invisible         |     2 |     1 ||     3
  Eat: Bread ration      |       |     1 ||     1
